 Dungeon Crawl Stone Soup version 0.31-a0-1074-g0b22e4e0f1 (webtiles) character file.

Game seed: 7948955802638416665

21 grandjackal the Trooper (level 2, 0/31 HPs)
             Began as an Ogre Warper on Nov 29, 2023.
             Slain by an adder (3 damage)
             ... on level 2 of the Dungeon.
             The game lasted 00:00:46 (1127 turns).

grandjackal the Trooper (Ogre Warper)               Turns: 1127, Time: 00:00:47

Health: 0/31       AC:  3    Str: 14    XL:     2   Next: 83%
Magic:  5/5        EV:  9    Int: 14    God:
Gold:   25         SH:  5    Dex:  8    Spells: 4/6 levels left

rFire   . . .        a - +0 mace
rCold   . . .        (no shield)
rNeg    . . .        b - +0 robe
rPois   .            (helmet restricted)
rElec   .            (no cloak)
rCorr   .            (gloves unavailable)
SInv    .            (boots unavailable)
Will    .....        l - amulet of reflection
Stlth   +            (no ring)
HPRegen 0.25/turn    (no ring)
MPRegen 0.09/turn

%: reflection
@: lethally poisoned (0 -> -5)
A: large, unfitting armour, tough skin 1
a: no special abilities


You were on level 2 of the Dungeon.
You visited 1 branch of the dungeon, and saw 2 of its levels.

You collected 25 gold pieces.

Inventory:

Hand Weapons
 a - a +0 mace (weapon)
Missiles
 d - 7 darts of dispersal (quivered)
 g - 5 poisoned darts
Armour
 b - a +0 robe (worn)
Jewellery
 l - an amulet of reflection (around neck)
Scrolls
 c - a scroll of blinking
 e - a scroll of poison {unknown}
 f - a scroll of torment {unknown}
 i - a scroll of identify {unknown}
 j - a scroll of enchant armour {unknown}
Potions
 h - a potion of curing {unknown}
 k - a potion of berserk rage {unknown}


   Skills:
 + Level 3.2 Fighting
 - Level 2.0 Maces & Flails
 - Level 1.0 Throwing
 - Level 2.1 Dodging
 + Level 2.8 Spellcasting
 + Level 3.0 Translocations


You had 4 spell levels left.
You knew the following spells:

 Your Spells              Type           Power      Damage    Failure   Level
a - Blink                 Tloc           20%        N/A       10%         2

Your spell library contained the following spells:

 Spells                   Type           Power      Damage    Failure   Level
 Lesser Beckoning         Tloc           20%        N/A       10%         2
 Teleport Other           Tloc           10%        N/A       19%         3
 Manifold Assault         Tloc           10%        N/A       54%         4
 Vhi's Electric Charge    Tloc/Air       12%        N/A       75%         4


Dungeon Overview and Level Annotations

Branches:
Dungeon (2/15)

Altars:

Shops:
D:2 [


Innate Abilities, Weirdness & Mutations

You are too large for most types of armour.
You have tough skin. (AC +1)


Message History

A dart slug comes into view.
Found a dagger.
The dart slug launches a dart at you. The slug dart misses you.
An adder comes into view.
The dart slug launches a dart at you. The slug dart hits you.
The adder hisses angrily.
The adder bites you but does no damage.
You closely miss the adder. You block the adder's attack.
A giant cockroach comes into view.
You barely miss the adder. The adder barely misses you.
The adder bites you but does no damage.
You closely miss the adder. The adder bites you.
You are poisoned.
The adder poisons you! You block the adder's attack.
You miss the adder.
You feel sick. The adder bites you but does no damage.
You closely miss the adder.
You feel sick. You block the adder's attack. The adder bites you.
You are more poisoned.
The adder poisons you!
You closely miss the adder.
You feel sick. The adder bites you. The adder closely misses you.
You miss the adder.
You feel sick. The adder bites you.
You are more poisoned.
The adder poisons you!
You are too injured to fight recklessly!
You hit the adder.
The adder is heavily wounded.
You feel sick. You block the adder's attack. The adder bites you.
You are more poisoned.
The adder poisons you!
You barely miss the adder.
The adder is heavily wounded.
* * * LOW HITPOINT WARNING * * *
You feel very sick. The adder bites you.
* * * LOW HITPOINT WARNING * * *
The adder bites you.
You die...

#.# #.# #.# #.#
#.# #.##.#######♣
♣.♣>...@Sw..♣
###.#...###B..♣
#.♣.♣.#..# ..♣
#### #.#...#.∩#
...
.....##<♣.♣.#.)#
.##
.###....#...#...
#
.........†..#.###
####....###.#..
#..[.# #.#..


You could see an adder, a dart slug and a giant cockroach.

Vanquished Creatures
  3 dart slugs (D:1)
  An endoplasm (D:1)
  2 goblins (D:1)
  A kobold (D:1)
  A quokka (D:1)
  3 ball pythons
  A bat (D:1)
  A frilled lizard (D:1)
  2 rats (D:1)
15 creatures vanquished.

Notes
Turn   | Place    | Note
-------+----------+-------------------------------------------
     0 | D:1      | grandjackal the Ogre Warper began the quest for the Orb.
     0 | D:1      | Reached XP level 1. HP: 22/22 MP: 3/3
   192 | D:1      | HP: 1/22 [endoplasm (2)]
   327 | D:1      | Reached XP level 2. HP: 22/29 MP: 5/5
   467 | D:1      | Learned a level 2 spell: Blink
  1114 | D:2      | Found Idisaoq's Antique Armour Shop.
  1127 | D:2      | Slain by an adder

Illustrated notes

Levels and vault maps discovered:
D:1:      dpeg_arrival_rooms_a, layout_loops_corners
D:2:      minmay_chambers_of_twos, layout_basic,
          dreamdust_ecumenical_altar_grove, serial_forest,
          infiniplex_forest_clump_small, infiniplex_forest_lined_3,
          infiniplex_forest_straight_2, infiniplex_forest_clump_cross,
          infiniplex_forest_clump_cross, infiniplex_forest_straight_2,
          serial_shops, shop, uniq_sigmund, uniq_jessica

Skill      XL: |  1  2 |
---------------+-------+-----
Fighting       | 3 |  3.2
Maces & Flails | 2 |  2.0
Translocations | 3 |  3.0
Throwing       | |  1.0
Dodging        | |  2.1
Spellcasting   | |  2.8

Action                     || total
---------------------------++-------
  Melee: Mace              ||    67
   Stab: Sleeping          ||     1
 Armour: Robe              ||    51
  Dodge: Dodged            ||    24
  Block: Other             ||     4

Table legend: (Time is in decaauts)
 A = Elapsed time spent in this place.
 B = Non-inter-level travel time spent in this place.
 C = Inter-level travel time spent in this place.
 D = Time resting spent in this place.
 E = Time spent auto-exploring this place.
 F = Levels seen in this place.
 G = Mean time per level.
                   A        B        C        D        E       F      G
               +--------+--------+--------+--------+--------+-----+--------+
         Total |   1147 |   1142 |      5 |    115 |    874 |   2 |  573.5 |
       Dungeon |   1147 |   1142 |      5 |    115 |    874 |   2 |  573.5 |
               +--------+--------+--------+--------+--------+-----+--------+

Top non-repeatable levels by time:
     D:1: 1084 daAuts
     D:2: 63 daAuts
